 Dungeon Crawl Stone Soup version 0.24.0-123-gd5b16e6ec5 (webtiles) character file.

Game seed: 4477902350432654766, levelgen mode: deterministic

145 Goreval the Bolt Thrower (level 5, -8/31 HPs)
             Began as a Kobold Arcane Marksman on Dec 17, 2019.
             Killed by divine providence
             ... invoked by an orc priest
              (15 damage)
             ... on level 3 of the Dungeon.
             The game lasted 00:07:57 (3346 turns).

Goreval the Bolt Thrower (Kobold Arcane Marksman)   Turns: 3346, Time: 00:07:58

Health: -8/31      AC:  4    Str:  7    XL:     5   Next: 53%
Magic:  6/6        EV: 13    Int: 16    God:
Gold:   138        SH:  0    Dex: 15    Spells: 2/6 levels left

rFire    . . .     SeeInvis .   a - +0 hand crossbow
rCold    . . .     Gourm    .   (shield restricted)
rNeg     . . .     Faith    .   m - +1 leather armour
rPois    .         Spirit   .   (no helmet)
rElec    .         Reflect  .   (no cloak)
rCorr    .         Harm     .   (no gloves)
MR       .....                  (no boots)
Stlth    +.........             (no amulet)
HPRegen  0.10/turn              c - -2 ring of evasion (curse)
MPRegen  0.10/turn              (no ring)

@: no status effects
A: small, carnivore
a: no special abilities


You were on level 3 of the Dungeon.
You were completely stuffed.

You visited 1 branch of the dungeon, and saw 3 of its levels.

You collected 138 gold pieces.

Inventory:

Hand Weapons
 a - a +0 hand crossbow (weapon)
 b - a +2 vampiric dagger
Missiles
 d - 10 bolts (quivered)
Armour
 m - a +1 leather armour (worn)
Jewellery
 c - a cursed -2 ring of evasion (left hand)
 o - a cursed ring of attention {unknown}
Scrolls
 g - a scroll of identify
 j - 3 scrolls of blinking {unknown}
Potions
 e - a potion of degeneration {unknown}
 h - a potion of haste {unknown}
 i - a potion of brilliance
 k - a potion of heal wounds
 l - 2 potions of flight
Comestibles
 f - 8 rations


   Skills:
 + Level 2.4 Fighting
 + Level 2.6 Short Blades
 * Level 4.3 Crossbows
 - Level 3.1 Dodging
 - Level 1.1 Spellcasting
 * Level 3.4 Hexes


You had 2 spell levels left.
You knew the following spells:

 Your Spells              Type           Power        Failure   Level  Hunger
b - Portal Projectile     Hex/Tloc       #.....       45%         3    ####...
o - Corona                Hex            ##.....      9%          1    ##.....

Your spell library contained the following spells:

 Spells                   Type           Power        Failure   Level  Hunger
 Slow                     Hex            ##......     13%         2    ###....
 Inner Flame              Hex/Fire       #.......     45%         3    ####...
 Cause Fear               Hex            ##........   63%         4    #####..
 Leda's Liquefaction      Hex/Erth       #.........   86%         4    #####..


Dungeon Overview and Level Annotations

Branches:
Dungeon (3/15)

Altars:
Ashenzari
Nemelex Xobeh


Innate Abilities, Weirdness & Mutations

You are small and have problems with some larger weapons.
You are carnivorous and can eat meat at any time.


Message History

An orc comes into view. It is wielding a +0 whip of venom.
Firing (i - inventory)
d - 12 bolts (quivered)
Aim: an orc priest, wielding a +0 hand axe You shoot a bolt.
The bolt barely misses the orc priest.
The orc shouts!
You hear a shout!
The orc priest invokes the aid of Beogh against you.
You barely resist.
Firing (i - inventory)
d - 11 bolts (quivered)
Aim: an orc priest, wielding a +0 hand axe You shoot a bolt.
The bolt hits the orc priest!
An orc comes into view.
The orc priest mumbles some strange prayers to Beogh against you.
Beogh smites you!
The orc priest mumbles some strange prayers to Beogh against you.
Beogh smites you!
* * * LOW HITPOINT WARNING * * *
Unknown command.
The orc priest invokes the aid of Beogh against you.
Beogh smites you!
You die...

...{........#
.....###....# .o...#
#....# .....# #.o..#
.....# ###'## ####### #
.....# #{######...... .
.....# #..........# #
.#####
######.....######### # .#
#######.@...##......#####
.#
#...oo..#.(..........)...
.#
#(.o....###.......)..)...
.#
..o.o....#.'....#####.....
## .........#.#...##
#..... # .........#.#.###
#..... # .$...###.....#
#..... # ####. #.#.#.#
###### # # #...#.


You could see an orc priest and 4 orcs.

Vanquished Creatures
  An orc wizard (D:3)
  5 adders
  2 worms
  4 leopard geckos
  5 orcs (D:3)
  2 giant cockroaches (D:3)
  5 goblins
  7 hobgoblins
  4 jackals
  8 kobolds
  5 bats
  3 frilled lizards (D:1)
  8 rats
59 creatures vanquished.

Notes
Turn   | Place    | Note
-------+----------+-------------------------------------------
     0 | D:1      | Goreval the Kobold Arcane Marksman began the quest for the
                  | Orb.
     0 | D:1      | Reached XP level 1. HP: 12/12 MP: 2/2
   280 | D:1      | Reached XP level 2. HP: 16/16 MP: 3/3
   451 | D:1      | Reached skill level 3 in Crossbows
   850 | D:1      | Reached skill level 1 in Short Blades
  1127 | D:1      | Reached XP level 3. HP: 5/20 MP: 2/4
  1793 | D:2      | Reached XP level 4. HP: 11/26 MP: 5/5
  2472 | D:3      | Learned a level 3 spell: Portal Projectile
  2673 | D:3      | Found a shattered altar of Ashenzari.
  2685 | D:3      | Found a sparkling altar of Nemelex Xobeh.
  3062 | D:3      | Reached skill level 4 in Crossbows
  3082 | D:3      | Reached XP level 5. HP: 30/30 MP: 6/6
  3346 | D:3      | Killed from afar by an orc priest

Levels and vault maps discovered:
D:1:      psy_arrival_conway, layout_rooms, palyth_stone_intersect
D:2:      layout_loops_ring, kennysheep_decorative_pillar, grunt_ministairs_1
D:3:      layout_basic, minitemple, amethyst_overflow_temple_binary,
          nicolae_overflow_hidden_temple, first_ration, uniq_grinder

Skill      XL: |  1  2  3  4 |
---------------+-------------+-----
Crossbows      | 3 4 |  4.3
Short Blades   | 1 2 |  2.6
Fighting       | 2 |  2.4
Dodging        | 3 |  3.1
Spellcasting   | |  1.1
Hexes          | |  3.4

Action                   |  1- 3 |  4- 6 || total
-------------------------+-------+-------++-------
Melee: Unarmed           |     5 |       ||     5
       Short sword       |    83 |    14 ||    97
       Dagger            |       |   123 ||   123
 Fire: Hand crossbow     |    27 |    24 ||    51
 Cast: Corona            |     9 |     4 ||    13
       Portal Projectile |       |     1 ||     1
  Use: Scroll            |     5 |       ||     5
 Stab: Sleeping          |     1 |     1 ||     2
  Eat: Chunk             |    11 |     6 ||    17
Armor: Robe              |    15 |       ||    15
       Leather armour    |     2 |    29 ||    31
Dodge: Dodged            |    68 |   106 ||   174
